 Dungeon Crawl Stone Soup version 0.24-a0-84-g25a2d9f (webtiles) character file.

Game seed: 3391043274822887263

4 Kairos the Firebug (level 1, 16/16 HPs)
             Began as an Ogre Fire Elementalist on Feb 7, 2019.
             Quit the game on level 1 of the Dungeon.
             The game lasted 00:00:49 (266 turns).

Kairos the Firebug (Ogre Fire Elementalist)          Turns: 266, Time: 00:00:49

Health: 16/16      AC:  3    Str: 11    XL:     1   Next: 60%
Magic:  1/4        EV: 10    Int: 16    God:
Gold:   15         SH:  0    Dex:  9    Spells: 4/5 levels left

rFire    . . .     SeeInvis .   g - -3 hunting sling (curse)
rCold    . . .     Gourm    .   (no shield)
rNeg     . . .     Faith    .   a - +0 robe
rPois    .         Spirit   .   (helmet restricted)
rElec    .         Reflect  .   (no cloak)
rCorr    .         Harm     .   (gloves unavailable)
MR       .....                  (boots unavailable)
Stlth    +.........             (no amulet)
HPRegen  0.05/turn              (no ring)
MPRegen  0.09/turn              (no ring)

@: no status effects
A: large, unfitting armour, tough skin 1
a: no special abilities


You were on level 1 of the Dungeon.
You were not hungry.

You visited 1 branch of the dungeon, and saw 1 of its levels.

You collected 15 gold pieces.

Inventory:

Hand Weapons
 g - a cursed -3 hunting sling (weapon)
Armour
 a - a +0 robe (worn)
Scrolls
 b - a scroll of amnesia {unknown}
 f - a scroll of magic mapping {unknown}
Potions
 d - a potion of flight {unknown}
 e - a potion of brilliance {unknown}
Comestibles
 c - 2 rations


   Skills:
 + Level 1.8 Dodging
 + Level 1.4 Stealth
 + Level 2.5 Spellcasting
 + Level 0.8 Conjurations
 + Level 2.8 Fire Magic


You had 4 spell levels left.
You knew the following spells:

 Your Spells              Type           Power        Failure   Level  Hunger
a - Flame Tongue          Conj/Fire      #....        9%          1    #......

Your spell library contained the following spells:

 Spells                   Type           Power        Failure   Level  Hunger
 Throw Flame              Conj/Fire      #.....       14%         2    ##.....
 Conjure Flame            Conj/Fire      #.......     26%         3    ###....
 Inner Flame              Hex/Fire       #.......     32%         3    ###....
 Sticky Flame             Conj/Fire      #.......     65%         4    #####..
 Fireball                 Conj/Fire      #.........   94%         5    ######.


Dungeon Overview and Level Annotations

Branches:
Dungeon (1/15)

Altars:


Innate Abilities, Weirdness & Mutations

You are too large for most types of armour.
You have tough skin. (AC +1)


Message History

The bat hits you but does no damage. The bat hits you but does no damage.
The bat barely misses you.
Really attack while wielding your cursed -3 hunting sling? [Y]es or [N]o only, please.
Really attack while wielding your cursed -3 hunting sling? [Y]es or [N]o only, please.
Really attack while wielding your cursed -3 hunting sling? [Y]es or [N]o only, please.
Really attack while wielding your cursed -3 hunting sling?
You closely miss the bat. The bat hits you but does no damage.
A bat is nearby!
The bat hits you but does no damage.
Your magical contamination has completely faded away.
The bat misses you. The bat hits you but does no damage.
You see here a scroll labeled WEATETH TUETH.
The bat misses you. The bat misses you.
Are you sure you want to abandon this character and quit the game? (Confirm with "yes".)

#####..#. ...... ##.#.
......###### #.#.
#.........# #...
#.........# ##..
#.........# ############.>
#.........# #...........#.
#.........####.#########.#.
#.......?.@..#.# ##### #.#.
#†......b.##.#.# #...# #.#.
####......# .#.# #.#.# #.#.
##......##.#.# #.#.# #.#.
#..........#.###.#.# #.#.
#..........#...#.#.# #.#.
#......†...###.#.#.# #.#.
#..........# #.###.# #.#.
#..........# #...#.# #.#.


You could see a bat.

Vanquished Creatures
  A leopard gecko (D:1)
  A giant cockroach (D:1)
  A rat (D:1)
3 creatures vanquished.

Notes
Turn   | Place    | Note
-------+----------+-------------------------------------------
     0 | D:1      | Kairos the Ogre Fire Elementalist began the quest for the
                  | Orb.
     0 | D:1      | Reached XP level 1. HP: 16/16 MP: 3/3
   266 | D:1      | Quit the game

Levels and vault maps discovered:

Action                   || total
-------------------------++-------
Melee: Hunting sling     ||     1
       Unarmed           ||     1
 Cast: Flame Tongue      ||     6
Armor: Robe              ||     7
Dodge: Dodged            ||     5

Table legend:
 A = Non-vault XP
 B = Vault XP
 C = Vault XP percentage of total XP
 D = Non-vault monster count
 E = Vault monster count
 F = Vault count percentage of total count
                 A         B        C        D         E       F
            +---------+---------+-------+---------+---------+-------
      Total |       6 |       0 |   0.0 |       3 |       0 |   0.0
            +---------+---------+-------+---------+---------+-------
        D:1 |       6 |       0 |   0.0 |       3 |       0 |   0.0
            +---------+---------+-------+---------+---------+-------
